← All builds
Suicide front / Cortex / Economy first / OBSERVED BUILD

Standard suicide front

The role's baseline bot lab opening: secure mexes, push out Thugs, Aggravators and Grunts to contest the middle and hold until T2 arrives.

#rush · 353 distinct matches · 76 players · 67% of Cortex Suicide front games · team won 51% of 366 · Recently observed

HOW TO PLAY IT

Key timing: Bot Lab by 0:34

  1. Take 3 mex, then rush a Bot Lab immediately for early army.
  2. Finish Bot Lab, start pumping Thug, Grunt and Aggravator.
  3. Push units to middle to contest and secure reclaim early.
  4. Add Advanced Metal Extractor to keep economy scaling with the fight.
  5. Hold middle with bots until T2 reinforcements arrive from Geo.

Phase by phase

TYPICAL OF ITS 353 GAMES
  1. 1
  2. 2
  3. 3
PLAY THE OPENING

Follow the example game's first 6:00 step by step: what to build now, what comes next, and where it goes. At 1× it keeps pace with your own game.

  1. 1

    Up to the Bot Lab

    Economy
    • Metal Extractor1Mex
    Order
    1. Bot LabBot Lab after 1 mexdone ~0:34, middle half 0:26–0:44

    By 0:17 in all: 1 mex

    The example game in this phase · 2 steps
    1. Mexfor Geo
    2. Bot LabBot Labdone 0:27 · typical 0:34
  2. 2

    Bot Lab to 5:00

    Economy
    • Metal Extractor4Mex
    • Wind Turbine3Wind
    Builders
    • Graverobber4 Graverobber
    • Construction Bot3 Con bot
    Army
    • Guard3 Guard
    • Thug14 Thug
    • Grunt3 Grunt
    • Aggravator2 Aggravator
    Other
    • Radar Tower1 Radar Tower

    By 5:00 in all: 5 mex · 3 wind

    The example game in this phase · 26 steps
    1. GraverobberGraverobber
    2. Construction BotCon bot ×2for Geo
    3. Mexfor Geo
    4. GuardGuardfor Geo
    5. GruntGrunt ×2
    6. Radar TowerRadar Tower
    7. GruntGrunt ×2
    8. Mex
    9. GruntGrunt
    10. GraverobberGraverobber
    11. Mexfor Geo
    12. Construction BotCon botfor Geo
    13. GuardGuard
    14. Mex
    15. ThugThug
    16. GuardGuard
    17. ThugThug ×2
    18. Dragon's TeethDragon's Teeth ×2
    19. Dragon's TeethDragon's Teethfor Air
    20. ThugThug
    21. Dragon's TeethDragon's Teethfor Air
    22. ThugThug ×12
    23. AggravatorAggravator
    24. ThugThug ×4
    25. Construction BotCon botfor Geo
    26. ThugThug
  3. 3

    5:00 to 10:00

    Economy
    • Metal Extractor1Mex
    • Wind Turbine14Wind
    Builders
    • Construction Turret2 Con turret
    • Graverobber2 Graverobber
    • Construction Bot1 Con bot
    Army
    • Guard1 Guard
    • Thug6 Thug
    • Grunt3 Grunt

    Some games also: aggravator (50%) · energy storage (47%) · Radar Tower (44%) · Twin Guard (31%) · converter (30%)

    By 10:00 in all: 6 mex · 18 wind · 1 energy storage · 2 con turret

    The example game in this phase · 70 steps
    1. ThugThug ×5
    2. GuardGuard
    3. ThugThug ×4
    4. Construction BotCon bot
    5. GuardGuard
    6. ThugThug
    7. Windfor Geo
    8. ThugThug
    9. GraverobberGraverobber
    10. Windfor Geo
    11. ThugThug
    12. Windfor Geo
    13. ThugThug ×2
    14. Windfor Geo
    15. ThugThug ×2
    16. Windfor Geo
    17. ThugThug
    18. Windfor Geo
    19. ThugThug ×3
    20. Windfor Geo
    21. ThugThug
    22. Windfor Geo
    23. ThugThug
    24. Construction BotCon botfor Geo
    25. Windfor Geo
    26. Mex
    27. ThugThug
    28. Windfor Geo
    29. ThugThug ×2
    30. Windfor Geo
    31. ThugThug ×2
    32. Windfor Geo
    33. ThugThug ×2
    34. Windfor Geo
    35. ThugThug ×2
    36. Windfor Geo
    37. ThugThug ×2
    38. Windfor Geo
    39. ThugThug ×2
    40. Windfor Geo
    41. ThugThug ×5
    42. Energy storagefor Geo
    43. ThugThug ×4
    44. Con turretfor Geo
    45. Wind ×3for Geo
    46. GruntGrunt
    47. Con turretfor Geo
    48. GruntGrunt
    49. Windfor Geo
    50. GruntGrunt
    51. Con turretfor Geo
    52. GruntGrunt ×2
    53. Windfor Geo
    54. GruntGrunt
    55. Mex
    56. GruntGrunt ×3
    57. Windfor Geo
    58. GruntGrunt ×2
    59. Advanced Bot LabAdvanced Bot Labdone 13:18
    60. GruntGrunt
    61. Windfor Geo
    62. GruntGrunt ×2
    63. GuardGuard
    64. Windfor Geo
    65. GruntGrunt
    66. Windfor Geo
    67. GruntGrunt
    68. Wind ×2for Geo
    69. SheldonSheldonnot finished by 15:00
    70. SumoSumonot finished by 15:00

Counts are medians over the build's games: half of them build more, half fewer. The example game is GuiTou's (36 OS, 23/08/2026); pick another.

Team trades

IN AT LEAST 30% OF ITS GAMES

You hand over

Nothing regular.

You get

  • Tidal Generator4 Tidal from Pondfirst at 0:10 · in 69% of games
  • Advanced Construction Bot1 T2 con bot from Geo or Techfirst at 7:32 · in 57% of games

How it plays out

Typical game of this build, running totals by minute

Metal produced

010k20k
0:005:0010:0015:00

metal

Enemy metal destroyed

05k10k
0:005:0010:0015:00

metal

Own metal lost

05k10k15k
0:005:0010:0015:00

metal

366 games.

Show as table
ByMetal produced: This buildEnemy metal destroyed: This buildOwn metal lost: This build
1:0027300
2:0095600
3:002058191130
4:003151663628
5:00432816971420
6:00553425652380
7:00676835643465
8:00797145054456
9:00923451865453
10:001045058116293
11:001194662887124
12:001361268158150
13:001530674618924
14:001705482219879
15:0018776887210532
WHAT THE NUMBERS SAY

This is the role's baseline aggressive job, winning half its games while both dealing and taking heavy metal losses fighting at middle.

  • + Fastest Bot Lab of any role (0:34), gets units fighting almost immediately.
  • + Destroys 8805 enemy metal by 15:00 through constant middle pressure.
  • − Loses 10461 own metal by 15:00, more than it destroys.
  • − Metal production lags behind other front role at 18297 by 15:00.
THE EXAMPLE YOU ARE READING

GuiTou

36.1 OS · 23/08/2026

Open source match ↗

4 received units
0 metal received · 26714 energy received

Allied construction assistance is unknown. Timings are observations, not a promise of solo reproducibility.

Typical milestones

Bot Lab0:34Middle 50%: 0:26–0:44 · n=362
Advanced Metal Extractor9:42Middle 50%: 8:46–10:57 · n=238

Played most by

_X_59games of this build_Hawkey_34games of this buildGuiTou23games of this buildImmort23games of this buildViltrum22games of this build

Supporting games

Pick a game to read and play it above.

_Hawkey_25/09/2026 · 60 OS↗_Hawkey_25/09/2026 · 60 OS↗Erilium25/09/2026 · 46 OS↗Erilium25/09/2026 · 46 OS↗Kcorp25/09/2026 · 50 OS↗_Hawkey_25/09/2026 · 61 OS↗[Crd]Acquati24/09/2026 · 36 OS↗Gieds24/09/2026 · 47 OS↗GuiTou23/08/2026 · 36 OS↗
32 more of 358, the most recentMischievousDragonGF24/09/2026 · 43 OS↗xabre24/09/2026 · 48 OS↗SkyFireEX23/09/2026 · 37 OS↗[Grump]Atlasfailed23/09/2026 · 36 OS↗UsurpeR23/09/2026 · 43 OS↗_X_23/09/2026 · 44 OS↗Rosie23/09/2026 · 35 OS↗I_pawngame_u23/09/2026 · 37 OS↗SauceDispenser23/09/2026 · 35 OS↗[GerBoyz]Stinkfisch23/09/2026 · 39 OS↗[Grump]Atlasfailed23/09/2026 · 36 OS↗Ariah23/09/2026 · 43 OS↗[GerBoyz]Stinkfisch22/09/2026 · 39 OS↗[GerBoyz]Stinkfisch22/09/2026 · 38 OS↗[GerBoyz]Stinkfisch22/09/2026 · 38 OS↗[GerBoyz]Stinkfisch22/09/2026 · 38 OS↗SauceDispenser22/09/2026 · 36 OS↗theBeauty21/09/2026 · 38 OS↗PlatinumBlonde21/09/2026 · 58 OS↗theBeauty21/09/2026 · 38 OS↗[Grump]Atlasfailed20/09/2026 · 36 OS↗GuiTou20/09/2026 · 36 OS↗Kcorp20/09/2026 · 51 OS↗I_pawngame_u20/09/2026 · 37 OS↗I_pawngame_u20/09/2026 · 37 OS↗Rexalidus20/09/2026 · 37 OS↗GuiTou19/09/2026 · 36 OS↗[Grump]Atlasfailed19/09/2026 · 36 OS↗derkarl19/09/2026 · 36 OS↗derkarl19/09/2026 · 36 OS↗_Hawkey_19/09/2026 · 58 OS↗[Grump]Atlasfailed18/09/2026 · 36 OS↗
Supreme Isthmus v2.1
Beyond All Reason test-31040-6e1d4e2
Naval balance tweaks on